 Dungeon Crawl Stone Soup version 0.30-a0-953-g5f1da4a474 (webtiles) character file.

Game seed: 4080961152673894106

183896 Zonian the Slayer (level 18, -12/138 HPs)
             Began as a Tengu Gladiator on Mar 27, 2023.
             Was a High Priest of Ashenzari.
             Mangled by a spark wasp (13 damage)
             ... on level 4 of the Spider Nest on Mar 29, 2023.
             The game lasted 01:39:14 (34213 turns).

Zonian the Slayer (Tengu Gladiator)                Turns: 34213, Time: 01:39:14

Health: -12/138    AC: 15    Str: 14    XL:     18   Next: 39%
Magic:  25/25      EV: 21    Int:  9    God:    Ashenzari [*****.]
Gold:   979        SH: 18    Dex: 26    Spells: 17/25 levels left

rFire   . . .      SeeInvis +    n - +11 Singing Sword {sonic wave, Melee, Self} (curse)
rCold   + . .      Faith    .    U - +4 kite shield "Secwu" {rCorr}
rNeg    . . .      Spirit   .    D - +2 scale mail of Ashenzari's Black Moon {rC+, Melee, Elem} (curse)
rPois   +          Reflect  .    b - +0 hat of the Oracular Suspicion {Comp, Melee} (curse)
rElec   .          Rampage  .    q - +0 cloak "Prescient Suspicion" {Evo, Elem} (curse)
rCorr   +          Clarity  +    K - +1 pair of gloves "Gloom of Ashenzari" {Evo, Fort} (curse)
Will    +....                    (boots unavailable)
Stlth   ++++                     g - amulet of Vitality {RegenMP++ Regen++, Alch, Melee} (curse)
HPRegen 2.03/turn                Y - +6 ring of dexterity
MPRegen 0.99/turn                d - ring "Restrained Together" {+Blink rPois Slay+4, Fort, Range} (curse)

@: flying quickly and evasively, quick
A: beak, talons 3, nimble flight, weak 2
a: Renounce Religion, Evoke Blink, Curse Item, Shatter the Chains


You were on level 4 of the Spider Nest.
You worshipped Ashenzari.
Ashenzari was extremely pleased with you.
You visited 5 branches of the dungeon, and saw 27 of its levels.

You collected 3358 gold pieces.
You spent 2379 gold pieces at shops.

Inventory:

Hand Weapons
 n - the cursed +11 Singing Sword (weapon) {sonic wave, Melee, Self}
   (You found it on level 3 of the Dungeon)

   It has a curse which improves the following skills: Melee Combat: Short
   Blades, Long Blades, Axes, Maces & Flails, Polearms, Staves and Unarmed
   Combat.
   Introspection: Fighting and Spellcasting.
 E - a +3 short sword
Missiles
 c - 3 curare-tipped darts
 j - 43 poisoned darts (quivered)
 t - 7 javelins
 I - 9 silver javelins
 L - 13 boomerangs
 R - a throwing net
Armour
 b - the cursed +0 hat of the Oracular Suspicion (worn) {Comp, Melee}

   It has a curse which improves the following skills: Companions: Summonings
   and Necromancy.
   Melee Combat: Short Blades, Long Blades, Axes, Maces & Flails, Polearms,
   Staves and Unarmed Combat.
 k - +0 acid dragon scales
 q - the cursed +0 cloak "Prescient Suspicion" (worn) {Evo, Elem}
   (You found it on level 7 of the Dungeon)

   It has a curse which improves the following skills: Evocations: Evocations.
   Elements:  Fire Magic, Ice Magic, Air Magic and Earth Magic.
 v - a +1 hat of stealth
 D - the cursed +2 scale mail of Ashenzari's Black Moon (worn) {rC+, Melee, Elem}
   (You bought it in a shop on level 1 of the Dungeon)

   It has a curse which improves the following skills: Melee Combat: Short
   Blades, Long Blades, Axes, Maces & Flails, Polearms, Staves and Unarmed
   Combat.
   Elements:  Fire Magic, Ice Magic, Air Magic and Earth Magic.
 K - the cursed +1 pair of gloves "Gloom of Ashenzari" (worn) {Evo, Fort}
   (You found it on level 10 of the Dungeon)

   It has a curse which improves the following skills: Evocations: Evocations.
   Fortitude: Armour and Shields.
 U - the +4 kite shield "Secwu" (worn) {rCorr}
   (You took it off Asterion on level 2 of the Spider Nest)

   rCorr:     It protects you from acid and corrosion.
Jewellery
 d - the cursed ring "Restrained Together" (right hand) {+Blink rPois Slay+4, Fort, Range}
   (You acquired it on level 7 of the Dungeon)

   [ring of slaying]

   Slay:      It affects your accuracy & damage with ranged weapons and melee
   (+4).
   rPois:     It protects you from poison.
   +Blink:    It lets you blink.
   It has a curse which improves the following skills: Fortitude: Armour and
   Shields.
   Ranged Combat: Ranged Weapons and Throwing.
 g - the cursed amulet of Vitality (around neck) {RegenMP++ Regen++, Alch, Melee}
   (You bought it in a shop on level 7 of the Dungeon)

   [amulet of magic regeneration]

   It increases your rate of magic regeneration.
   Regen:     It increases your rate of health regeneration.
   It has a curse which improves the following skills: Alchemy: Poison Magic and
   Transmutations.
   Melee Combat: Short Blades, Long Blades, Axes, Maces & Flails, Polearms,
   Staves and Unarmed Combat.
 s - a +6 ring of strength
 A - a +6 ring of intelligence
 G - an amulet of guardian spirit
 X - a ring of ice
 Y - a +6 ring of dexterity (left hand)
Wands
 w - a wand of roots (4)
 y - a wand of paralysis (25)
 F - a wand of polymorph (26)
 M - a wand of flame (38)
 Q - a wand of acid (2)
 T - a wand of digging (12)
Scrolls
 e - 8 scrolls of immolation
 f - 6 scrolls of fog
 p - 4 scrolls of enchant weapon
 r - 3 scrolls of magic mapping
 u - a scroll of brand weapon
 x - 7 scrolls of teleportation
 z - 2 scrolls of poison
 N - a scroll of silence
 S - 2 scrolls of enchant armour
Potions
 a - a potion of ambrosia
 h - 2 potions of might
 i - 5 potions of haste
 l - 5 potions of cancellation
 m - 4 potions of brilliance
 o - 7 potions of curing
 B - 5 potions of resistance
 C - 3 potions of attraction
 O - 2 potions of invisibility
 P - 3 potions of magic
Miscellaneous
 H - a box of beasts
 W - a condenser vane (inert)
 Z - a phantom mirror


   Skills:
 - Level 21.8(23.6) Fighting
 - Level 13.1(18.1) Long Blades
 - Level 2.8(4.6) Throwing
 - Level 7.8(11.0) Armour
 - Level 12.0 Dodging
 + Level 11.4 Stealth
 - Level 7.8(11.0) Shields
 - Level 4.1(8.6) Unarmed Combat
 + Level 2.6(4.4) Spellcasting
 + Level 6.2(9.4) Fire Magic
 + Level 7.5(10.7) Air Magic
 - Level 7.8(11.0) Evocations


You had 17 spell levels left.
You knew the following spells:

 Your Spells              Type           Power      Damage    Failure   Level
a - Plasma Beam           Fire/Air       10%        2x1d15    61%         5
b - Swiftness             Air            21%        N/A       6%          3

Your spell library contained the following spells:

 Spells                   Type           Power      Damage    Failure   Level
 Shock                    Conj/Air       44%        1d5       21%         1
 Airstrike                Air            10%        2d(2-18)  22%         4
 Kiss of Death            Conj/Necr      8%         2d6       86%         1
 Summon Lightning Spire   Summ/Air       11%        N/A       88%         4
 Sublimation of Blood     Necr           2%         N/A       94%         2
 Lesser Beckoning         Tloc           2%         N/A       95%         2
 Call Canine Familiar     Summ           2%         N/A       99%         3
 Confusing Touch          Hex            1%         N/A       99%         3
 Gell's Gravitas          Tloc           1%         N/A       99%         3
 Ozocubu's Armour         Ice            2%         N/A       99%         3
 Portal Projectile        Hex/Tloc       2%         N/A       99%         3
 Stone Arrow              Conj/Erth      4%         3d7       99%         3
 Teleport Other           Tloc           1%         N/A       99%         3
 Silence                  Hex/Air        5%         N/A       99%         5
 Animate Armour           Summ/Erth      4%         N/A       100%        4
 Animate Dead             Necr           2%         N/A       100%        4
 Dispel Undead            Necr           2%         3d7       100%        4
 Leda's Liquefaction      Hex/Erth       1%         N/A       100%        4
 Passage of Golubria      Tloc           1%         N/A       100%        4
 Petrify                  Tmut/Erth      2%         N/A       100%        4
 Summon Ice Beast         Ice/Summ       2%         N/A       100%        4
 Blade Hands              Tmut           1%         N/A       100%        5
 Borgnjor's Vile Clutch   Necr/Erth      1%         N/A       100%        5
 Irradiate                Conj/Tmut      1%         3d12      100%        5
 Summon Mana Viper        Hex/Summ       2%         N/A       100%        5
 Death Channel            Necr           1%         N/A       100%        6
 Iron Shot                Conj/Erth      1%         9d1       100%        6
 Monstrous Menagerie      Summ           1%         N/A       100%        7
 Ozocubu's Refrigeration  Ice            1%         4d7       100%        7
 Lehudib's Crystal Spear  Conj/Erth      1%         10d2      100%        8


Dungeon Overview and Level Annotations

Branches:
Dungeon (15/15)            Temple (0/1) D:7            Lair (5/5) D:10
  Swamp (1/4) Lair:3       Spider (4/4) Lair:3        Slime (0/5) Lair:5
    Orc (2/2) D:12            Elf (0/3) Orc:2        Vaults (0/5) D:13
 Depths (0/4) D:15

Altars:
Ashenzari
Fedhas
Hepliaklqana
Nemelex Xobeh
Okawaru
Ru
Sif Muna
Vehumet
The Shining One

Shops:
D:1 *   D:3 (   D:7 !?*=   D:13 =   Orc:2 [===(

Annotations:
D:6 2 runed translucent doors, Norrock's ghost, novice MfMo
D:7 2 runed translucent doors, exclusion: oklob plant
D:9 2 transporters, exclusion: ice statue, patfeehan111222's ghost, novice MiBe
Lair:4 exclusion: oklob plant
Lair:5 exclusion: obsidian statue


Innate Abilities, Weirdness & Mutations

You have a beak for a mouth.
You have claws for feet.
Your magical nature lets you fly swiftly and evasively.
You are very weak. (Str -4)


Message History

Unknown command.
You closely miss the spark wasp. Your kick misses the spark wasp.
The spark wasp is heavily wounded.
The spark wasp stings you!! The spark wasp shocks you!
You block the redback's attack. The spark wasp stings you!!
The spark wasp shocks you!
Unknown command.
You hit the spark wasp but do no damage.
The spark wasp is heavily wounded.
The redback misses you. The spark wasp stings you!!
* * * LOW HITPOINT WARNING * * *
The spark wasp shocks you!
* * * LOW HITPOINT WARNING * * *
Unknown command.
You feel much better. The redback completely misses you.
The spark wasp stings you!
* * * LOW HITPOINT WARNING * * *
The spark wasp shocks you!
* * * LOW HITPOINT WARNING * * *
The redback bites you.
* * * LOW HITPOINT WARNING * * *
You blink.
You feel much better. Clouds of thunder condense around you!
The condenser dries out!
You feel stable enough to blink again. The spark wasp stings you!
* * * LOW HITPOINT WARNING * * *
The spark wasp shocks you!
* * * LOW HITPOINT WARNING * * *
The spark wasp misses you.
You feel better. You block the spark wasp's attack.
Aiming: Corrosive Bolt
Press: ? - help, Shift-Dir - straight line, f/p - spark wasp
Aim: a spark wasp (thunder, heavily wounded, 64% to hit)
The bolt of acid hits the spark wasp!
The acid corrodes the spark wasp!
The spark wasp is severely wounded.
The spark wasp stings you!!
* * * LOW HITPOINT WARNING * * *
The spark wasp shocks you!
You die...

#..<...^........#...
##......#..#.#......
#^..#...^....^......
##.#..##.......#....
###^......^......#.
###...##.#.#.#...
#§§#............[
###y§..#...(...#...
#.@#{...........#..
*#............##...#
*#^.<..#..#........#.
#^........^..........
##..##.....#.......^.
##?,........(.#..#..
*..,.#...#^#......#.
***..,..........<...#.
*,,*,,.......#..#s.#..


You could see a spark wasp (corroded).

Vanquished Creatures
  Arachne (Spider:2)
  Jorgrun (D:12)
  Asterion (Spider:2)
  Gastronok (D:8)
  Agnes (D:14)
  3 ghost moths
  3 emperor scorpions
  2 orc warlords (Orc:2)
  3 broodmothers
  A stone giant (D:15)
  An eleionoma (Swamp:1)
  A bunyip (Swamp:1)
  Nessos (Orc:2)
  2 dire elephants (Lair:5)
  Azrael (D:12)
  Snorg (D:14)
  4 entropy weavers
  Fannar (Orc:1)
  2 catoblepae
  3 radroaches
  7 hydras
  2 jorogumos
  2 alligators (Swamp:1)
  7 centaur warriors
  A death knight (D:11)
  8 boulder beetles
  7 two-headed ogres
  3 tengu warriors
  3 orc high priests (Orc:2)
  Urug (Lair:1)
  10 death yaks
  A spectral death yak (Lair:5)
  Lodul (D:13)
  7 pharaoh ants
  A skyshark (Lair:3)
  A spectral anaconda (Lair:5)
  11 skeletal warriors
  2 sun moths (Spider:3)
  A glowing orange brain (shapeshifter) (D:13)
  A bog body (Swamp:1)
  5 steelbarb worms
  A phantasmal warrior (D:11)
  6 orb spiders
  4 necromancers (Lair:5)
  3 lindwurms
  8 orc knights
  2 deep elf pyromancers
  8 cyclopes
  5 orc sorcerers (Orc:2)
  31 wolf spiders
  3 manticores (D:14)
  A moth of wrath (Lair:3)
  11 ugly things
  22 elephants (Lair:5)
  A dire elephant zombie (Lair:5)
  Maurice (Orc:1)
  11 cane toads
  2 black mambas
  9 torpor snails
  6 demonic crawlers
  3 unseen horrors
  4 gargoyles
  Joseph (D:9)
  4 rime drakes
  An unseen horror zombie (D:10)
  11 komodo dragons
  2 kobold demonologists (D:12)
  3 yaktaurs (D:15)
  5 trolls
  2 tengu conjurers
  3 polar bears
  7 meliai
  2 tyrant leeches (Swamp:1)
  44 tarantellas
  Prince Ribbit (D:9)
  13 dream sheep (Lair:5)
  12 blink frogs
  A centaur simulacrum (D:14)
  22 jumping spiders
  18 culicivoras
  4 shadows
  13 slime creatures
  6 wraiths
  A spriggan (Swamp:1)
  33 yaks
  3 wyverns
  3 fire elementals (D:12)
  3 vampires (D:10)
  3 basilisks (D:13)
  55 redbacks
  3 swamp worms (Swamp:1)
  A death yak simulacrum (Lair:5)
  Menkaure (D:5)
  2 wargs (Orc:2)
  A vampire mosquito (D:13)
  A spectral cane toad (Lair:5)
  3 acid dragons
  37 water moccasins
  3 hell hounds (D:12)
  3 black bears
  33 orc warriors
  2 ice beasts
  5 centaurs
  16 ogres
  7 wolves
  An elephant skeleton (Lair:5)
  2 phantoms
  5 kobold brigands
  18 bullfrogs
  2 gnoll sergeants (D:10)
  6 scorpions
  A cane toad simulacrum (Lair:5)
  12 wights
  29 killer bees
  5 howler monkeys
  5 electric eels
  7 centaur zombies (D:10)
  5 hounds
  19 orc priests
  7 jellies
  2 sleepcaps (D:6)
  6 iguanas
  33 orc wizards
  Ijyb (D:5)
  A howler monkey zombie (D:10)
  19 gnolls
  17 adders
  3 white imps
  2 ufetubi
  3 worms (D:4)
  2 dart slugs (D:1)
  83 orcs
  4 endoplasms
  8 giant cockroaches
  6 goblins
  7 hobgoblins
  4 jackals (D:1)
  19 kobolds
  5 quokkas
  5 ball pythons
  7 bats
  A frilled lizard (D:1)
  A rat (D:1)
  3 fungi
  A withered plant (Lair:5)
1019 creatures vanquished.

Vanquished Creatures (others)
  A bloated husk (Swamp:1)
  An orc priest (Orc:2)
  68 fungi
  56 plants
  37 withered plants
163 creatures vanquished.

Grand Total: 1182 creatures vanquished

Notes
Turn   | Place    | Note
-------+----------+-------------------------------------------
     0 | D:1      | Zonian the Tengu Gladiator began the quest for the Orb.
     0 | D:1      | Reached XP level 1. HP: 12/12 MP: 2/2
   101 | D:1      | Reached XP level 2. HP: 15/17 MP: 3/3
   114 | D:1      | Found Heduof's General Store.
   550 | D:1      | Reached XP level 3. HP: 22/22 MP: 4/4
  1309 | D:2      | Found a faded altar of an unknown god.
  1409 | D:2      | Reached XP level 4. HP: 17/27 MP: 5/5
  1477 | D:2      | You fall into a shaft and drop 1 floor!
  1477 | D:3      | Found the +11 Singing Sword {sonic wave}
  1477 | D:3      | Found an iron altar of Okawaru.
  1523 | D:3      | Found Naod's Antique Weapon Shoppe.
  1695 | D:3      | Reached skill level 3 in Fighting
  1729 | D:3      | Reached skill level 1 in Long Blades
  1729 | D:3      | Gained mutation: Your magical nature lets you fly swiftly
                  | and evasively. [Tengu growth]
  1729 | D:3      | Reached XP level 5. HP: 25/32 MP: 6/6
  2279 | D:4      | Reached skill level 4 in Fighting
  2279 | D:4      | Reached XP level 6. HP: 35/38 MP: 7/7
  2382 | D:4      | Reached XP level 7. HP: 41/44 MP: 8/8
  2524 | D:4      | Found a sacrificial altar of Ru.
  2580 | D:4      | Reached skill level 5 in Fighting
  2700 | D:4      | Found a glowing golden altar of the Shining One.
  3193 | D:5      | Entered Level 5 of the Dungeon
  3202 | D:4      | Reached skill level 5 in Long Blades
  3319 | D:5      | Noticed Menkaure
  3327 | D:5      | Reached skill level 6 in Fighting
  3327 | D:5      | Reached XP level 8. HP: 39/51 MP: 9/9
  3327 | D:5      | Killed Menkaure
  3592 | D:5      | Noticed a yak
  3593 | D:5      | Noticed a yak
  3593 | D:5      | Noticed a yak
  3593 | D:5      | Noticed a yak
  3611 | D:5      | Noticed a yak
  3613 | D:5      | Killed a yak
  3616 | D:5      | Killed a yak
  3617 | D:5      | Reached skill level 7 in Fighting
  3620 | D:5      | Killed a yak
  3624 | D:5      | Killed a yak
  3625 | D:5      | Reached XP level 9. HP: 54/59 MP: 10/10
  3626 | D:5      | Reached skill level 8 in Fighting
  4230 | D:5      | Found a broken altar of Ashenzari.
  4239 | D:5      | Became a worshipper of Ashenzari the Shackled
  4591 | D:5      | Noticed Ijyb
  4621 | D:5      | Killed Ijyb
  4991 | D:1      | Bought a potion of haste for 130 gold pieces
  5171 | D:6      | Reached skill level 1 in Stealth
  5346 | D:6      | Found a runed translucent door.
  5346 | D:6      | Noticed Norrock's ghost (novice MfMo)
  5706 | D:6      | Found a runed translucent door.
  5962 | D:7      | Found a blossoming altar of Fedhas.
  5993 | D:7      | Found Vere's Assorted Antiques.
  6005 | D:7      | Bought a potion of curing for 102 gold pieces
  6028 | D:7      | Found a large runed translucent door.
  6035 | D:7      | Reached skill level 9 in Fighting
  6035 | D:7      | Found a large runed translucent door.
  6050 | D:7      | Reached * piety under Ashenzari
  6050 | D:7      | Identified a scroll of acquirement
  6051 | D:7      | Acquired the ring "Buxup" {+Blink rPois Slay+4}
  6082 | D:7      | Found Pimefyn's Jewellery Shoppe.
  6117 | D:7      | Found a radiant altar of Vehumet.
  6756 | D:1      | Bought a +0 scale mail of cold resistance for 143 gold
                  | pieces
  7002 | D:7      | Reached XP level 10. HP: 62/66 MP: 11/11
  7044 | D:7      | Found a staircase to the Ecumenical Temple.
  7091 | D:7      | Found Ihagarcha's Magic Scroll Shop.
  7095 | D:7      | Found Gaesur's Distillery.
  7115 | D:7      | Reached ** piety under Ashenzari
  7200 | D:7      | Noticed an oklob plant
  7294 | D:8      | Noticed a two-headed ogre
  7301 | D:8      | Killed a two-headed ogre
  7360 | D:8      | Reached skill level 10 in Long Blades
  7462 | D:8      | Reached skill level 5 in Stealth
  7467 | D:8      | Noticed Gastronok
  7766 | D:8      | Reached *** piety under Ashenzari
  7787 | D:8      | Reached skill level 10 in Fighting
  7883 | D:8      | Killed Gastronok
  8236 | D:9      | Noticed a two-headed ogre
  8243 | D:9      | Killed a two-headed ogre
  8255 | D:9      | Reached XP level 11. HP: 48/73 MP: 12/12
  8551 | D:9      | Found a hazy altar of Hepliaklqana.
  8571 | D:9      | Noticed patfeehan111222's ghost (novice MiBe)
  8608 | D:9      | Found a transporter.
  8611 | D:9      | Found a transporter.
  8616 | D:9      | Noticed a red ugly thing
  8667 | D:9      | Noticed a two-headed ogre
  8675 | D:9      | Killed a two-headed ogre
  8736 | D:9      | Reached skill level 11 in Fighting
  8766 | D:9      | Noticed Joseph
  8781 | D:9      | Killed Joseph
  9140 | D:9      | Noticed Prince Ribbit
  9146 | D:9      | Killed Prince Ribbit
  9273 | D:9      | Noticed a two-headed ogre
  9283 | D:9      | Killed a two-headed ogre
  9368 | D:10     | Entered Level 10 of the Dungeon
 10352 | D:10     | Found a sparkling altar of Nemelex Xobeh.
 10700 | D:10     | Found a staircase to the Lair.
 10815 | D:10     | Reached skill level 12 in Fighting
 11044 | D:10     | Reached XP level 12. HP: 71/82 MP: 13/13
 11413 | Lair:1   | Entered Level 1 of the Lair of Beasts
 11423 | Lair:1   | Reached skill level 13 in Fighting
 11509 | Lair:1   | Reached **** piety under Ashenzari
 11630 | Lair:1   | Reached skill level 1 in Armour
 11633 | Lair:1   | Reached skill level 1 in Shields
 11633 | Lair:1   | Reached skill level 1 in Evocations
 11854 | Lair:1   | Reached skill level 5 in Dodging
 11855 | Lair:1   | Identified the +5 spear of the Cursing Pariah {antimagic,
                  | Int+3 Dex+4}
 12151 | Lair:1   | Noticed Urug
 12188 | Lair:1   | Killed Urug
 12673 | Lair:2   | Identified the +1 leather armour "Ubris" {Str+2}
 13023 | Lair:2   | Noticed a seven-headed hydra
 13033 | Lair:2   | Killed a ten-headed hydra
 13064 | Lair:2   | Identified the cursed +0 cloak "Prescient Suspicion" {Evo,
                  | Elem} (You found it on level 7 of the Dungeon)
 13064 | Lair:2   | Identified the cursed +0 hat of the Oracular Suspicion
                  | {Comp, Melee}
 13144 | Lair:2   | Noticed a death yak
 13145 | Lair:2   | Noticed a death yak
 13145 | Lair:2   | Noticed a death yak
 13146 | Lair:2   | Noticed a death yak
 13163 | Lair:1   | Killed a death yak
 13505 | Lair:2   | Noticed a catoblepas
 14076 | Lair:3   | Found a staircase to the Swamp.
 14080 | Lair:3   | Reached XP level 13. HP: 85/92 MP: 14/14
 14097 | Lair:3   | Reached skill level 5 in Armour
 14322 | Lair:3   | Reached ***** piety under Ashenzari
 14339 | Lair:3   | Reached skill level 5 in Shields
 14364 | Lair:3   | Reached skill level 14 in Fighting
 14453 | Lair:3   | Found a hole to the Spider Nest.
 15385 | Lair:4   | Identified the +1 short sword "Newtslayer" {flame, *Noise
                  | rCorr Int+3 Stlth+}
 15993 | Lair:5   | Entered Level 5 of the Lair of Beasts
 16164 | Lair:5   | Reached skill level 15 in Fighting
 16375 | Lair:5   | Identified the +5 pair of boots of the Catfish {Fly rCorr}
 16445 | Lair:5   | Found a staircase to the Slime Pits.
 16614 | Lair:5   | Reached XP level 14. HP: 91/103 MP: 15/15
 16667 | Lair:5   | Reached skill level 16 in Fighting
 16909 | Lair:5   | Reached skill level 17 in Fighting
 17395 | Lair:5   | Noticed a dire elephant
 17395 | Lair:5   | Noticed a dire elephant
 17397 | Lair:5   | Reached ****** piety under Ashenzari
 17810 | Lair:5   | Killed a dire elephant
 17811 | Lair:5   | Reached skill level 18 in Fighting
 17816 | Lair:5   | Killed a dire elephant
 18623 | D:11     | Reached XP level 15. HP: 46/115 MP: 16/16
 18630 | D:11     | Reached skill level 19 in Fighting
 20529 | D:12     | Noticed Jorgrun
 20591 | D:12     | Killed Jorgrun
 20728 | D:12     | Reached skill level 5 in Evocations
 20822 | D:12     | Found a staircase to the Orcish Mines.
 21158 | D:12     | Acquired 433 gold pieces
 21196 | D:12     | Noticed Azrael
 21205 | D:12     | Reached skill level 20 in Fighting
 22448 | D:13     | Found Vocowkeh's Jewellery Emporium.
 22616 | D:7      | Bought the amulet of Vitality {RegenMP++ Regen++} for 1500
                  | gold pieces
 22616 | D:7      | Found the amulet of Vitality {RegenMP++ Regen++}
 23134 | D:13     | Found a gate to the Vaults.
 23161 | D:13     | Noticed Lodul
 23280 | D:13     | Killed Lodul
 23281 | D:13     | Reached skill level 21 in Fighting
 23895 | D:14     | Noticed Snorg
 23901 | D:14     | Killed Snorg
 23902 | D:14     | Reached XP level 16. HP: 102/125 MP: 17/17
 23931 | D:14     | Noticed Agnes
 23944 | D:14     | Killed Agnes
 24318 | D:15     | Entered Level 15 of the Dungeon
 24318 | D:15     | Found a staircase to the Depths.
 25333 | D:12     | Killed Azrael
 25487 | Orc:1    | Entered Level 1 of the Orcish Mines
 25505 | Orc:1    | Noticed Fannar
 25512 | Orc:1    | Killed Fannar
 25536 | Orc:1    | Noticed Maurice
 25540 | Orc:1    | Killed Maurice
 25891 | Orc:1    | Found a shimmering blue altar of Sif Muna.
 26125 | Orc:2    | Entered Level 2 of the Orcish Mines
 26151 | Orc:2    | Found Fanwilergh's Weapon Shoppe.
 26202 | Orc:2    | Noticed Nessos
 26227 | Orc:2    | Killed Nessos
 26261 | Orc:2    | Paralysed by an orc sorcerer for 5 turns
 26646 | Orc:2    | Gained mutation: You are weak. (Str -2) [a neqoxec]
 27282 | Orc:2    | Found a staircase to the Elven Halls.
 27800 | Orc:2    | Found Jidgh's Armour Emporium.
 27800 | Orc:2    | Found Maikhl Fule's Jewellery Shop.
 27805 | Orc:2    | Found Mynashach's Jewellery Emporium.
 27805 | Orc:2    | Found Resimoud's Jewellery Shop.
 27945 | Orc:2    | Bought a +6 ring of dexterity for 504 gold pieces
 27948 | Orc:2    | Upgraded the game from 0.30-a0-949-g53dc5368d7 to
                  | 0.30-a0-953-g5f1da4a474
 28132 | Spider:1 | Entered Level 1 of the Spider Nest
 28835 | Swamp:1  | Entered Level 1 of the Swamp
 29324 | Lair:3   | Reached XP level 17. HP: 60/132 MP: 18/18
 30377 | Spider:1 | Gained mutation: You are very weak. (Str -4) [mutagenic
                  | glow]
 30755 | Spider:1 | Reached skill level 10 in Dodging
 30876 | Spider:1 | Learned a level 5 spell: Plasma Beam
 31192 | Spider:2 | Identified the +4 kite shield "Secwu" {rCorr}
 31192 | Spider:2 | Noticed Asterion
 31198 | Spider:2 | Reached skill level 1 in Air Magic
 31203 | Spider:2 | Reached skill level 1 in Fire Magic
 31207 | Spider:2 | Killed Asterion
 31579 | Spider:2 | Reached skill level 10 in Stealth
 31686 | Spider:2 | Noticed Arachne
 31704 | Spider:2 | Killed Arachne
 32392 | Spider:3 | Reached skill level 5 in Air Magic
 32509 | Spider:3 | Learned a level 3 spell: Swiftness
 32576 | Spider:3 | Reached XP level 18. HP: 88/138 MP: 19/19
 32653 | Spider:3 | Reached skill level 5 in Fire Magic
 32797 | Spider:4 | Entered Level 4 of the Spider Nest
 32986 | Spider:4 | Reached skill level 1 in Spellcasting
 34208 | Spider:4 | HP: 3/138 [redback (6)]
 34213 | Spider:4 | HP: 1/138 [spark wasp (24)]
 34213 | Spider:4 | Mangled by a spark wasp

Illustrated notes

Levels and vault maps discovered:
D:1:      psy_arrival_radial01, layout_loops_corners, serial_shops, shop,
          corexii_leaking_fountain
D:2:      wad_lake_hut, layout_rooms, ebering_ecumenical_altar_mist,
          uniq_natasha
D:3:      layout_basic, okawaru_ov_weapons_minmay, serial_shops, shop
D:4:      layout_cave_pods, nicolae_ru_great_annihilating_truth, kennysheep_mini
D:5:      layout_basic, mainiacjoe_overflow_tiny_flanked,
          dreamdust_wishing_well, uniq_ijyb, uniq_menkaure
D:6:      minmay_spotlight, layout_loops_ring, ebering_ghost_sewer_f
D:7:      layout_loops_ring, lemuel_doored_altar, tgw_fedhas,
          jmf_multi_god_temple2, temple_doors_ab, serial_shops,
          nicolae_stop_n_shop_1, shop, shop, shop
D:8:      layout_basic, uniq_gastronok
D:9:      layout_basic, mainiacjoe_overflow_brackets, nzn_ghost_randoct,
          uniq_joseph, uniq_prince_ribbit1
D:10:     layout_loops_corners, nemelex_diamond_rough_becter, erik_lair_island,
          serial_undead, serial_undead_c, serial_undead_f, serial_undead_b,
          serial_undead_d, serial_undead_f, serial_undead_f, serial_undead_e,
          serial_undead_e
D:11:     layout_basic
D:12:     layout_roguey, orc_0_dummy, uniq_jorgrun, uniq_azrael
D:13:     minmay_imperfect_grid, layout_stronghold, david_vaults_4,
          serial_shops, shop, st_stairs_1, uniq_lodul
D:14:     layout_loops_ring, uniq_snorg, uniq_agnes
D:15:     grunt_enter_depths_giant_problem, layout_loops_ring
Lair:1:   lemuel_reptile_caves, layout_chaotic_city, serial_bayou_pond_e,
          uniq_urug
Lair:2:   layout_misc_corridors, nicolae_lair_lindhole, serial_bayou_shore_a,
          infiniplex_staircase_pool, lemuel_fruit_tree, grunt_megastairs_4,
          serial_bayou_shore_b
Lair:3:   layout_roguey, swamp_mist, hellmonk_spider_entry_not_the_bees
Lair:4:   layout_roguey, grunt_megastairs_5
Lair:5:   due_jungle_book, layout_regular_city, nicolae_slime_entry_slimehenge,
          lemuel_fruit_fields
Swamp:1:  layout_basic_swamp, portal_ice_cave_entry_horrid_things,
          evilmike_swamp_ruin_house_1, swamp_pool1, water_boxes_lemuel
Spider:1: layout_cave_pods, nicolae_spider_jagged_tunnels
Spider:2: layout_spider_delve, uniq_arachne, uniq_asterion
Spider:3: layout_spider_delve
Spider:4: grunt_spider_rune_parallel
Orc:1:    layout_caves, kennysheep_orc_sif_temple, uniq_fannar, uniq_maurice
Orc:2:    grunt_orc_tribal_feast, layout_caves, serial_shops,
          nicolae_shop_bloodbath_and_beyond, basic_altar, uniq_nessos

Skill      XL: |  1  2  3  4  5  6  7  8  9 10 11 12 13 14 15 16 17 18 |
---------------+-------------------------------------------------------+-----
Dodging        | 4 6 8 11 12 | 12.0
Unarmed Combat | 4 |  4.1
Fighting       | 3 4 6 7 9 10 12 13 15 18 21 | 21.8
Long Blades    | 1 2 4 5 7 9 11 13 | 13.1
Stealth        | 4 7 10 11 | 11.4
Armour         | 4 5 6 7 |  7.8
Shields        | 4 5 7 |  7.8
Evocations     | 3 4 5 7 |  7.8
Air Magic      | 5 7 |  7.5
Fire Magic     | 4 6 |  6.2
Spellcasting   | 2 |  2.6
Throwing       | |  2.8

Action                     |  1- 3 |  4- 6 |  7- 9 | 10-12 | 13-15 | 16-18 || total
---------------------------+-------+-------+-------+-------+-------+-------++-------
  Melee: Unarmed           |    81 |    10 |       |       |       |       ||    91
         Kick              |    22 |    13 |    33 |    78 |   220 |   348 ||   714
         Peck              |    11 |     5 |    20 |    45 |   141 |   219 ||   441
         Punch             |     1 |     1 |     2 |     7 |       |       ||    11
         Double sword      |       |    39 |   153 |   304 |   595 |   871 ||  1962
  Throw: Throwing net      |       |       |     7 |     4 |       |     1 ||    12
         Javelin           |       |       |     1 |     3 |       |     2 ||     6
         Dart              |       |       |       |    22 |    29 |    46 ||    97
         Boomerang         |       |       |       |       |       |     1 ||     1
 Invoke: Curse Item        |       |       |     2 |     4 |     3 |     1 ||    10
         Shatter the Chain |       |       |       |       |     1 |     2 ||     3
Ability: Evoke Blink       |       |       |       |       |       |     1 ||     1
  Evoke: Wand              |       |       |       |     2 |     9 |     8 ||    19
         Condenser vane    |       |       |       |       |       |     4 ||     4
         Box of beasts     |       |       |       |       |       |     1 ||     1
    Use: Scroll            |       |     9 |     6 |     1 |     5 |     8 ||    29
         Potion            |       |       |     2 |     2 |     2 |     4 ||    10
   Stab: Held in net/web   |       |       |     1 |     2 |       |     1 ||     4
         Sleeping          |       |       |     2 |     3 |     8 |     7 ||    20
         Distracted        |       |       |       |     2 |     2 |     2 ||     6
         Petrified         |       |       |       |       |     2 |       ||     2
 Armour: Leather armour    |    15 |       |       |       |       |       ||    15
         Acid dragon scale |     8 |     9 |    25 |       |       |       ||    42
         Scale mail        |       |       |     1 |    81 |   120 |   233 ||   435
         Skin              |       |       |       |     9 |    17 |       ||    26
  Dodge: Dodged            |    46 |    38 |    73 |   154 |   178 |   590 ||  1079
  Block: Other             |       |       |       |    51 |       |       ||    51
         Reflection        |       |       |       |     4 |     8 |       ||    12
         Kite shield       |       |       |       |    10 |   352 |   738 ||  1100

Table legend: (Time is in decaauts)
 A = Elapsed time spent in this place.
 B = Non-inter-level travel time spent in this place.
 C = Inter-level travel time spent in this place.
 D = Time resting spent in this place.
 E = Time spent auto-exploring this place.
 F = Levels seen in this place.
 G = Mean time per level.
                   A        B        C        D        E       F      G
               +--------+--------+--------+--------+--------+-----+--------+
         Total |  32126 |  30067 |   2059 |   9605 |  12781 |  27 | 1189.9 |
       Dungeon |  17505 |  16084 |   1421 |   4291 |   8106 |  15 | 1167.0 |
          Lair |   8299 |   7865 |    434 |   3291 |   2591 |   5 | 1659.8 |
         Swamp |    373 |    371 |      2 |     16 |    155 |   1 |  373.0 |
   Spider Nest |   3621 |   3555 |     66 |   1171 |   1040 |   4 |  905.2 |
  Orcish Mines |   2327 |   2192 |    135 |    835 |    888 |   2 | 1163.5 |
               +--------+--------+--------+--------+--------+-----+--------+

Top non-repeatable levels by time:
  Lair:3: 2869 daAuts
    D:10: 2354 daAuts
  Lair:5: 1880 daAuts
    D:11: 1794 daAuts
     D:4: 1768 daAuts
    D:13: 1465 daAuts
  Lair:2: 1452 daAuts
     D:1: 1439 daAuts
  Lair:1: 1316 daAuts
   Orc:1: 1257 daAuts
    D:12: 1237 daAuts
     D:5: 1148 daAuts
     D:7: 1127 daAuts
     D:9: 1083 daAuts
   Orc:2: 1070 daAuts
